TOP OF THE 1ST |
Pensacola Pilots batting - Pitching for Kenosha Kingfish : LHP Dong-young Kang
|
Pitching: LHP Dong-young Kang
|
|
Batting: RHB Leopoldo Horgan
|
0-0: Ball 1-0: DOUBLE (Line Drive, 78M)
|
Batting: RHB Roberto Gómez
|
0-0: Ground out 5-3 (Groundball, 56)
|
Batting: LHB Weston Chaney
|
0-0: Called Strike Leopoldo Horgan steals 3rd base 0-1: Ball 1-1: Foul Ball, location: 2F 1-2: Strikes out swinging
|
Batting: RHB Julian Lee
|
0-0: Ball 1-0: Ball 2-0: Ball 3-0: Base on Balls
|
Batting: LHB Armando Domínguez
|
0-0: Called Strike Pickoff Throw by Catcher to First - Out!
|
Top of the 1st over - 0 run(s), 1 hit(s), 0 error(s), 0 left on base; Pensacola 0 - Kenosha 0 |
BOTTOM OF THE 1ST |
Kenosha Kingfish batting - Pitching for Pensacola Pilots : LHP Daniel Roberts
|
Pitching: LHP Daniel Roberts
|
|
Batting: RHB Bob Lee
|
0-0: Ground out 3-1 (Groundball, 34)
|
Batting: SHB John Beach
|
0-0: Called Strike 0-1: Ball 1-1: Fly out, F9 (Flyball, 9LS)
|
Batting: LHB Jon Quinn
|
0-0: SINGLE (Groundball, 56S) (infield hit)
|
Batting: RHB Sergio Mata
|
0-0: Ball 1-0: Foul Ball, location: 2F 1-1: Foul Ball, location: 2F 1-2: DOUBLE (Line Drive, 7D) Jon Quinn to third Runner from 3rd tries for Home, SAFE, throw made home
|
Batting: RHB Eugene Williams
|
0-0: Fly out, F8 (Flyball, 89M)
|
Bottom of the 1st over - 1 run(s), 2 hit(s), 0 error(s), 1 left on base; Pensacola 0 - Kenosha 1 |
TOP OF THE 2ND |
Pensacola Pilots batting - Pitching for Kenosha Kingfish : LHP Dong-young Kang
|
Batting: LHB Armando Domínguez
|
0-0: Called Strike 0-1: Called Strike 0-2: Strikes out swinging
|
Batting: RHB José Cordero
|
0-0: Swinging Strike 0-1: Ball 1-1: Swinging Strike 1-2: Strikes out swinging
|
Batting: LHB Pedro Ramos
|
0-0: Called Strike 0-1: Swinging Strike 0-2: Strikes out looking
|
Top of the 2nd over - 0 run(s), 0 hit(s), 0 error(s), 0 left on base; Pensacola 0 - Kenosha 1 |
BOTTOM OF THE 2ND |
Kenosha Kingfish batting - Pitching for Pensacola Pilots : LHP Daniel Roberts
|
Batting: RHB Esteban Ayala
|
0-0: Ground out 6-3 (Groundball, 6S)
|
Batting: SHB Júlio Valentín
|
0-0: Called Strike 0-1: Ball 1-1: Ball 2-1: SINGLE (Groundball, 56D)
|
Batting: LHB Dusty Wilson
|
0-0: Ground out 4-3 (Groundball, 34D) Júlio Valentín to second
|
Batting: RHB Tommy Davenport
|
0-0: Ball 1-0: Called Strike 1-1: Ground out 5-3 (Groundball, 5S)
|
Bottom of the 2nd over - 0 run(s), 1 hit(s), 0 error(s), 1 left on base; Pensacola 0 - Kenosha 1 |
TOP OF THE 3RD |
Pensacola Pilots batting - Pitching for Kenosha Kingfish : LHP Dong-young Kang
|
Batting: RHB Markus Cummins
|
0-0: Ground out 6-3 (Groundball, 6D)
|
Batting: RHB Jesús García
|
0-0: Ground out 5-3 (Groundball, 56)
|
Batting: RHB Leopoldo Horgan
|
0-0: Ball 1-0: Swinging Strike 1-1: Called Strike 1-2: Strikes out swinging
|
Top of the 3rd over - 0 run(s), 0 hit(s), 0 error(s), 0 left on base; Pensacola 0 - Kenosha 1 |
BOTTOM OF THE 3RD |
Kenosha Kingfish batting - Pitching for Pensacola Pilots : LHP Daniel Roberts
|
Batting: RHB Bob Lee
|
0-0: Swinging Strike 0-1: Ball 1-1: Swinging Strike 1-2: Fly out, F9 (Flyball, 9)
|
Batting: SHB John Beach
|
0-0: Foul Ball, location: 2F 0-1: Ground out 6-3 (Groundball, 6)
|
Batting: LHB Jon Quinn
|
0-0: Called Strike 0-1: Fly out, F8 (Flyball, 8LS)
|
Bottom of the 3rd over - 0 run(s), 0 hit(s), 0 error(s), 0 left on base; Pensacola 0 - Kenosha 1 |
TOP OF THE 4TH |
Pensacola Pilots batting - Pitching for Kenosha Kingfish : LHP Dong-young Kang
|
Batting: RHB Roberto Gómez
|
0-0: Ball 1-0: Ball 2-0: Ball 3-0: Base on Balls
|
Batting: LHB Weston Chaney
|
0-0: Ball 1-0: Called Strike 1-1: Ball 2-1: SINGLE (Groundball, 34) (infield hit) Roberto Gómez to second
|
Batting: RHB Julian Lee
|
0-0: Foul Ball, location: 2F 0-1: Called Strike 0-2: Ball 1-2: Strikes out looking
|
Batting: LHB Armando Domínguez
|
0-0: Called Strike 0-1: Fielders Choice at 2nd, 1-4 (Groundball, 15) Roberto Gómez to third
|
Batting: RHB José Cordero
|
0-0: Ball Wild Pitch! Roberto Gómez scores Armando Domínguez to second 1-0: Called Strike 1-1: Ball 2-1: SINGLE (Line Drive, 7S) Armando Domínguez to third Runner from 3rd tries for Home, SAFE, throw made home José Cordero to second
|
Batting: LHB Pedro Ramos
|
0-0: Fly out, F2 (Popup, 3S)
|
Top of the 4th over - 2 run(s), 2 hit(s), 0 error(s), 1 left on base; Pensacola 2 - Kenosha 1 |
BOTTOM OF THE 4TH |
Kenosha Kingfish batting - Pitching for Pensacola Pilots : LHP Daniel Roberts
|
Batting: RHB Sergio Mata
|
0-0: Ball 1-0: SINGLE (Line Drive, 7LM)
|
Batting: RHB Eugene Williams
|
0-0: SINGLE (Groundball, 4MD) Sergio Mata to second
|
Batting: RHB Esteban Ayala
|
0-0: Ball 1-0: DOUBLE (Groundball, 5L) Sergio Mata scores Eugene Williams to third
|
Batting: SHB Júlio Valentín
|
0-0: Ball 1-0: Swinging Strike 1-1: Ball 2-1: Swinging Strike 2-2: Strikes out swinging
|
Batting: LHB Dusty Wilson
|
0-0: Called Strike 0-1: Foul Ball, location: 2F 0-2: SINGLE (Flyball, 4MD) Eugene Williams scores Esteban Ayala to third Runner from 3rd tries for Home, SAFE, no throw
|
Batting: RHB Tommy Davenport
|
0-0: Foul Ball, location: 2F 0-1: Ball 1-1: Ball 2-1: Foul Ball, location: 2F 2-2: Grounds into double play, 6-4-3 (Groundball, 6)
|
Bottom of the 4th over - 3 run(s), 4 hit(s), 0 error(s), 0 left on base; Pensacola 2 - Kenosha 4 |
TOP OF THE 5TH |
Pensacola Pilots batting - Pitching for Kenosha Kingfish : LHP Dong-young Kang
|
Batting: RHB Markus Cummins
|
0-0: Foul Ball, location: 2F 0-1: Ball 1-1: Called Strike 1-2: Strikes out swinging
|
Batting: RHB Jesús García
|
0-0: Ball 1-0: Fly out, F4 (Line Drive, 4)
|
Batting: RHB Leopoldo Horgan
|
0-0: Ball 1-0: Ball 2-0: Ball 3-0: Base on Balls
|
Batting: RHB Roberto Gómez
|
0-0: Ball 1-0: Ball 2-0: Ball 3-0: Base on Balls Leopoldo Horgan to second
|
Batting: LHB Weston Chaney
|
0-0: Foul Ball, location: 2F 0-1: SINGLE (Line Drive, 89S) Leopoldo Horgan to third Roberto Gómez to second Runner from 3rd tries for Home, SAFE, no throw
|
Batting: RHB Julian Lee
|
0-0: Ball 1-0: Ball 2-0: Called Strike 2-1: Fly out, F9 (Flyball, 89S)
|
Top of the 5th over - 1 run(s), 1 hit(s), 0 error(s), 2 left on base; Pensacola 3 - Kenosha 4 |
BOTTOM OF THE 5TH |
Kenosha Kingfish batting - Pitching for Pensacola Pilots : LHP Daniel Roberts
|
Batting: RHB Bob Lee
|
0-0: Called Strike 0-1: Foul Ball, location: 2F 0-2: Ball 1-2: Strikes out looking
|
Batting: SHB John Beach
|
0-0: Ball 1-0: Ball 2-0: Ball 3-0: Called Strike 3-1: SINGLE (Line Drive, 78S)
|
Batting: LHB Jon Quinn
|
0-0: Ball 1-0: Swinging Strike 1-1: Ball 2-1: Grounds into double play, 6-4-3 (Groundball, 6)
|
Bottom of the 5th over - 0 run(s), 1 hit(s), 0 error(s), 0 left on base; Pensacola 3 - Kenosha 4 |
TOP OF THE 6TH |
Pensacola Pilots batting - Pitching for Kenosha Kingfish : LHP Dong-young Kang
|
Batting: LHB Armando Domínguez
|
0-0: Foul Ball, location: 2F 0-1: Ball 1-1: Called Strike 1-2: Foul Ball, location: 2F 1-2: Strikes out looking
|
Batting: RHB José Cordero
|
0-0: SINGLE (Line Drive, 7S)
|
Batting: LHB Pedro Ramos
|
0-0: Ball 1-0: Called Strike 1-1: Foul Ball, location: 2F 1-2: Ball 2-2: Ball 3-2: Foul Ball, location: 2F 3-2: Base on Balls José Cordero to second
|
Batting: RHB Markus Cummins
|
0-0: Ball 1-0: Called Strike José Cordero steals 3rd base Pedro Ramos to second 1-1: Foul Ball, location: 2F 1-2: Fly out, F4 (Popup, 3D)
|
Batting: RHB Jesús García
|
0-0: Ball 1-0: Called Strike 1-1: Foul Ball, location: 2F 1-2: Foul Ball, location: 2F 1-2: Strikes out swinging
|
Top of the 6th over - 0 run(s), 1 hit(s), 0 error(s), 2 left on base; Pensacola 3 - Kenosha 4 |
BOTTOM OF THE 6TH |
Kenosha Kingfish batting - Pitching for Pensacola Pilots : LHP Daniel Roberts
|
Batting: RHB Sergio Mata
|
0-0: Called Strike 0-1: Foul Ball, location: 2F 0-2: Foul Ball, location: 2F 0-2: Ball 1-2: Ball 2-2: Ball 3-2: Base on Balls
|
Batting: RHB Eugene Williams
|
0-0: Ball 1-0: Swinging Strike 1-1: Ball 2-1: Swinging Strike 2-2: Strikes out looking
|
Batting: RHB Esteban Ayala
|
0-0: Ball 1-0: Ball 2-0: Foul Ball, location: 2F 2-1: Called Strike 2-2: SINGLE (Line Drive, 78M) Sergio Mata to second
|
Batting: SHB Júlio Valentín
|
0-0: Called Strike 0-1: SINGLE (Line Drive, 8LS) Sergio Mata to third Esteban Ayala to second
|
Batting: LHB Dusty Wilson
|
0-0: Called Strike 0-1: Foul Ball, location: 2F 0-2: Foul Ball, location: 2F 0-2: Ball 1-2: Foul Ball, location: 2F 1-2: Fly out, F9 (Flyball, 89S)
|
Batting: RHB Tommy Davenport
|
0-0: DOUBLE (Line Drive, 7LD) Sergio Mata scores Esteban Ayala scores Júlio Valentín to third Runner from 3rd tries for Home, SAFE, no throw
|
Batting: RHB Bob Lee
|
0-0: Called Strike 0-1: Fly out, F9 (Line Drive, 89M)
|
Bottom of the 6th over - 3 run(s), 3 hit(s), 0 error(s), 1 left on base; Pensacola 3 - Kenosha 7 |
TOP OF THE 7TH |
Pensacola Pilots batting - Pitching for Kenosha Kingfish : LHP Dong-young Kang
|
Pitching: RHP Bo Adams
|
|
Batting: RHB Leopoldo Horgan
|
0-0: Ball 1-0: SINGLE (Groundball, 56D)
|
Batting: RHB Roberto Gómez
|
0-0: Called Strike 0-1: Ball 1-1: Foul Ball, location: 2F 1-2: Foul Ball, location: 2F 1-2: SINGLE (Line Drive, 8RS) Leopoldo Horgan to second
|
Batting: LHB Weston Chaney
|
0-0: Called Strike 0-1: Ball 1-1: Swinging Strike 1-2: Fly out, F8 (Flyball, 8LM)
|
Batting: RHB Julian Lee
|
0-0: Ball 1-0: Ball Leopoldo Horgan steals 3rd base Roberto Gómez to second 2-0: Fly out, F9 (Flyball, 9) Runner from 3rd tags up, SCORES, no throw
|
Batting: LHB Armando Domínguez
|
0-0: Fly out, F4 (Popup, 4D)
|
Top of the 7th over - 1 run(s), 2 hit(s), 0 error(s), 1 left on base; Pensacola 4 - Kenosha 7 |
BOTTOM OF THE 7TH |
Kenosha Kingfish batting - Pitching for Pensacola Pilots : LHP Daniel Roberts
|
Batting: SHB John Beach
|
0-0: Ball 1-0: Called Strike 1-1: Ball 2-1: Called Strike 2-2: Foul Ball, location: 2F 2-2: SINGLE (Groundball, 56D)
|
Batting: LHB Jon Quinn
|
0-0: Ball 1-0: Foul Ball, location: 2F 1-1: Ball 2-1: Fly out, F7 (Flyball, 7LM)
|
Batting: RHB Sergio Mata
|
0-0: Called Strike 0-1: SINGLE (Groundball, 5S) (infield hit) John Beach to second
|
Batting: RHB Eugene Williams
|
0-0: Foul Ball, location: 2F 0-1: Ball 1-1: Ball 2-1: Foul Ball, location: 2F 2-2: Foul Ball, location: 2F 2-2: Ball 3-2: Base on Balls John Beach to third Sergio Mata to second
|
Pinch Hitting: RHB Rubén Hernández
|
0-0: Swinging Strike 0-1: Ball 1-1: Called Strike 1-2: Strikes out swinging
|
Pinch Hitting: LHB Henry Durham
|
0-0: Ground out 4-3 (Groundball, 34)
|
Bottom of the 7th over - 0 run(s), 2 hit(s), 0 error(s), 3 left on base; Pensacola 4 - Kenosha 7 |
TOP OF THE 8TH |
Pensacola Pilots batting - Pitching for Kenosha Kingfish : RHP Bo Adams
|
Now at 2B: Manuel Gómez
|
|
Now in RF: Henry Durham
|
|
Batting: RHB José Cordero
|
0-0: Foul Ball, location: 2F 0-1: Fly out, F4 (Popup, 4MD)
|
Batting: LHB Pedro Ramos
|
0-0: Called Strike 0-1: Ground out 5-3 (Groundball, 5S)
|
Batting: RHB Markus Cummins
|
0-0: Ball 1-0: Called Strike 1-1: Ball 2-1: Ball 3-1: Foul Ball, location: 2F 3-2: Foul Ball, location: 2F 3-2: Base on Balls
|
Pitching: RHP Kel Meyer
|
|
Batting: RHB Jesús García
|
0-0: Ball 1-0: Reached on error, E3 (Popup, 3S) Markus Cummins to second
|
Batting: RHB Leopoldo Horgan
|
0-0: Called Strike 0-1: Foul Ball, location: 2F 0-2: Strikes out swinging
|
Top of the 8th over - 0 run(s), 0 hit(s), 1 error(s), 2 left on base; Pensacola 4 - Kenosha 7 |
BOTTOM OF THE 8TH |
Kenosha Kingfish batting - Pitching for Pensacola Pilots : LHP Daniel Roberts
|
Batting: LHB Dusty Wilson
|
0-0: Foul Ball, location: 2F 0-1: Ground out 3-1 (Groundball, 34)
|
Batting: RHB Tommy Davenport
|
0-0: Called Strike 0-1: Ball 1-1: Swinging Strike 1-2: Ball 2-2: Ball 3-2: Ground out 6-3 (Groundball, 6)
|
Pitching: RHP Jesús Núńez
|
|
Batting: RHB Bob Lee
|
0-0: Ball 1-0: Called Strike 1-1: Swinging Strike 1-2: Strikes out looking
|
Bottom of the 8th over - 0 run(s), 0 hit(s), 0 error(s), 0 left on base; Pensacola 4 - Kenosha 7 |
TOP OF THE 9TH |
Pensacola Pilots batting - Pitching for Kenosha Kingfish : RHP Kel Meyer
|
Pitching: RHP Júlio Vargas
|
|
Batting: RHB Roberto Gómez
|
0-0: Called Strike 0-1: Ball 1-1: Foul Ball, location: 2F 1-2: Strikes out looking
|
Batting: LHB Weston Chaney
|
0-0: Ball 1-0: Ball 2-0: Called Strike 2-1: Called Strike 2-2: SINGLE (Line Drive, 6MD)
|
Batting: RHB Julian Lee
|
0-0: Called Strike 0-1: Ball 1-1: Called Strike 1-2: Foul Ball, location: 2F 1-2: Ball 2-2: Strikes out swinging
|
Batting: LHB Armando Domínguez
|
0-0: Ball 1-0: Called Strike 1-1: Called Strike 1-2: Foul Ball, location: 2F 1-2: Ball 2-2: Strikes out swinging
|
Top of the 9th over - 0 run(s), 1 hit(s), 0 error(s), 1 left on base; Pensacola 4 - Kenosha 7 |
|